 Dungeon Crawl Stone Soup version 0.31.0-9-g3a7656b989 (webtiles) character file.

Game seed: 8735059571716112720

135 EnegeticOcto the Ruffian (level 4, 0/45 HPs)
             Began as a Troll Monk on Jan 31, 2024.
             Slain by an orc
             ... wielding a +0 whip
              (4 damage)
             ... on level 3 of the Dungeon.
             The game lasted 00:01:01 (2336 turns).

EnegeticOcto the Ruffian (Troll Monk)               Turns: 2336, Time: 00:01:01

Health: 0/45       AC:  4    Str: 19    XL:     4   Next: 96%
Magic:  3/3        EV: 16    Int:  6    God:
Gold:   188        SH:  0    Dex: 14    Spells: 3/3 levels left

rFire   . .          .
                       - Unarmed
rCold   . . .        c - orb {light}
rNeg    . . .        a - +0 robe
rPois   .            (helmet restricted)
rElec   .            (no cloak)
rCorr   .            (gloves unavailable)
SInv    .            (boots unavailable)
Will    .....        (no amulet)
Stlth   +            e - +5 ring of evasion
HPRegen 1.07/turn    (no ring)
MPRegen 0.08/turn

%: no passive effects
@: confused, glowing
A: large, unfitting armour, claws 3, regeneration 1, shaggy fur 1, tough skin 1
a: no special abilities


You were on level 3 of the Dungeon.
You visited 1 branch of the dungeon, and saw 3 of its levels.

You collected 188 gold pieces.

Inventory:

Armour
 a - a +0 robe (worn)
 c - an orb of light (worn)
Jewellery
 e - a +5 ring of evasion (left claw)
   (You found it on level 1 of the Dungeon)
Scrolls
 d - 3 scrolls of identify {unknown}
 f - a scroll of teleportation {unknown}
 g - a scroll of immolation {unknown}
 k - a scroll of fog {unknown}
 l - 2 scrolls of vulnerability {unknown}
 m - a scroll of silence {unknown}
 n - a scroll of enchant armour {unknown}
 o - a scroll of acquirement {unknown}
Potions
 b - a potion of ambrosia
 h - 2 potions of curing {unknown}
 i - a potion of mutation {unknown}
 j - a potion of lignification {unknown}
 p - a potion of brilliance {unknown}
 q - a potion of invisibility {unknown}


   Skills:
 + Level 3.3 Fighting
 + Level 3.3 Dodging
 + Level 4.0 Unarmed Combat


You had 3 spell levels left.
You didn't know any spells.
Your spell library was empty.

Dungeon Overview and Level Annotations

Branches:
Dungeon (3/15) Zot: 15673

Altars:
Qazlal
Wu Jian


Innate Abilities, Weirdness & Mutations

You are too large for most types of armour.
You have claws for hands.
Your natural rate of healing is unusually fast.
You are covered in fur. (AC +1)
You have tough skin. (AC +1)


Message History

You open the door.
There is an open door here.
There is an open door here.
Found 7 stones.
You see here 7 stones.
You now have 188 gold pieces (gained 12).
Found a stone staircase leading down.
There is a stone staircase leading down here.
Found a stone staircase leading up.
There is a stone staircase leading up here.
Found a leather armour.
A bat comes into view.
The bat hits you but does no damage.
No target in view!
No target in view!
No target in view!
No target in view!
No target in view!
No target in view!
No target in view!
The bat misses you.
A bat is nearby!
A bat is nearby!
You completely miss the bat. The bat completely misses you.
You scratch the bat but do no damage. The bat hits you.
The bat closely misses you.
You scratch the bat.
You kill the bat!
No target in view!
No target in view!
You see here a staff of cold.
An orc wizard and 2 orcs come into view.
An orc is wielding a +0 dagger of freezing.
The orc wizard shouts!
The orc shouts!
Found a scroll labelled GUUNON NAOL.
An orc comes into view. It is wielding a +0 trident.
The orc shouts!
You claw the orc wizard!
The orc wizard is heavily wounded.
The orc wizard completely misses you. The orc barely misses you.
An orc priest comes into view. It is wielding a +0 hand axe.
You scratch the orc wizard but do no damage.
The orc wizard is heavily wounded.
The orc wizard misses you.
You scratch the orc wizard.
The orc wizard is severely wounded.
The orc wizard points at you and mumbles some strange words.
You are confused.
The orc completely misses you. The orc closely misses you.
The orc hits you from afar with a +0 trident.
You are too confused!
You are too confused!
You are too confused!
You are too confused!
You are too confused!
You are too confused!
You are too confused!
You are too confused!
You are too confused!
You are too confused!
You are too confused!
You are too confused!
You're too confused to move!
The orc wizard gestures at you while chanting.
The magic dart hits you. The orc completely misses you.
The orc barely misses you.
The orc wizard hits you with a +0 falchion.
The orc priest begins to cast a cantrip, but forgets the words!
The orc hits you with a +0 dagger of freezing.
The orc freezes you.
You bump into the rock wall.
The orc hits you with a +0 whip. The orc hits you but does no damage.
You barely miss the orc. The orc barely misses you.
The orc wizard mumbles some strange words.
The orc wizard flickers and vanishes for a moment.
The orc closely misses you.
You barely miss the orc. The orc completely misses you.
The orc hits you with a +0 dagger of freezing.
The orc freezes you.
The orc priest hits you with a +0 hand axe.
The orc wizard points at you and mumbles some strange words.
You are more confused.
The orc misses you.
You're too confused to move!
The orc hits you with a +0 whip. The orc hits you but does no damage.
The orc priest invokes the aid of Beogh against you.
Pain shoots through your body!
The orc wizard hits you with a +0 falchion.
The orc hits you but does no damage.
You scratch the orc wizard.
The orc wizard is almost dead.
The orc barely misses you. The orc hits you but does no damage.
The orc priest mumbles some strange prayers to Beogh against you.
Beogh smites you!
* * * LOW HITPOINT WARNING * * *
The orc wizard hits you with a +0 falchion.
* * * LOW HITPOINT WARNING * * *
The orc closely misses you.
You scratch the orc but do no damage. The orc hits you with a +0 whip.
You die...

... ..# ..... #..#
#..... #...# .. #....#
# ....# ..#
#..#.#.#....# ...#
##..##.#.....#
......##....##o.....#
..............ooo...#
#..............o@....#
.......##....##...?..#
......#.##|.##.#.....#
.....#.#.#..#.#.#....#
..[..##.#†...#.# ....#
....#.##......## #...#
...#.#..........# #..#
...##............# ..#
..#...............


You could see an orc priest, an orc wizard (invisible) and 3 orcs.

Vanquished Creatures
  A bombardier beetle (D:3)
  Robin (D:3)
  A gnoll (D:2)
  A dart slug (D:1)
  4 orcs (D:3)
  9 bats
  7 endoplasms
  3 giant cockroaches
  10 goblins
  7 hobgoblins
  3 jackals (D:2)
  3 quokkas
  6 ball pythons
  4 frilled lizards
  4 kobolds (D:1)
  6 rats
70 creatures vanquished.

Notes
Turn   | Place    | Note
-------+----------+-------------------------------------------
     0 | D:1      | EnegeticOcto the Troll Monk began the quest for the Orb.
     0 | D:1      | Reached XP level 1. HP: 22/22 MP: 0/0
   276 | D:1      | Reached XP level 2. HP: 29/29 MP: 1/1
   750 | D:1      | Reached XP level 3. HP: 31/36 MP: 2/2
  1078 | D:2      | Found an ornate altar of the Wu Jian Council.
  1278 | D:2      | Reached skill level 3 in Fighting
  1461 | D:2      | Reached skill level 3 in Dodging
  1721 | D:2      | Reached XP level 4. HP: 45/45 MP: 3/3
  2027 | D:3      | Found a stormy altar of Qazlal.
  2040 | D:3      | Reached skill level 4 in Unarmed Combat
  2068 | D:3      | Noticed Robin
  2075 | D:3      | Killed Robin
  2336 | D:3      | Slain by an orc

Illustrated notes

Levels and vault maps discovered:
D:1:      wander_arrival_abandoned_jail, layout_basic
D:2:      minmay_diamond_boxcup, layout_basic, basic_altar
D:3:      layout_loops_corners, mainiacjoe_overflow_24_doors,
          nicolae_tso_carved_into_rock, dilly_ecumenical_altar_fadedgnrine,
          minmay_misc_feat_secret_circle, uniq_robin

Skill      XL: |  1  2  3  4 |
---------------+-------------+-----
Fighting       | 3 |  3.3
Dodging        | 3 |  3.3
Unarmed Combat | 4 |  4.0

Action                     |  1- 3 |  4- 6 || total
---------------------------+-------+-------++-------
  Melee: Unarmed           |    95 |    39 ||   134
 Armour: Robe              |    36 |    25 ||    61
  Dodge: Dodged            |    59 |    25 ||    84

Table legend:
 A = Kills in this place as a percentage of kills in the entire game.
 B = Kills by you in this place as a percentage of kills by you in the entire game.
 C = Kills by friends in this place as a percentage of kills by friends in the entire game.
 D = Other kills in this place as a percentage of other kills in the entire game.
 E = Experience gained in this place as a percentage of experience gained in the entire game.
 F = Experience gained in this place divided by the number of levels of this place that you have seen.
                   A       B       C       D       E      F
               +-------+-------+-------+-------+-------+----------------------
         Total | 100.0 | 100.0 |   N/A |   N/A | 100.0 |  64.3
       Dungeon | 100.0 | 100.0 |   N/A |   N/A | 100.0 |  64.3
               +-------+-------+-------+-------+-------+----------------------

Table legend: (Time is in decaauts)
 A = Elapsed time spent in this place.
 B = Non-inter-level travel time spent in this place.
 C = Inter-level travel time spent in this place.
 D = Time resting spent in this place.
 E = Time spent auto-exploring this place.
 F = Levels seen in this place.
 G = Mean time per level.
                   A        B        C        D        E       F      G
               +--------+--------+--------+--------+--------+-----+--------+
         Total |   2325 |   2232 |     93 |      0 |   1933 |   3 |  775.0 |
       Dungeon |   2325 |   2232 |     93 |      0 |   1933 |   3 |  775.0 |
               +--------+--------+--------+--------+--------+-----+--------+

Top non-repeatable levels by time:
     D:2: 1106 daAuts
     D:1: 823 daAuts
     D:3: 395 daAuts
